[Event "45th FIDE Olympiad 2024"]
[Site "Budapest"]
[Date "2024.09.13"]
[Round "3.252"]
[White "Gengler, Pierre"]
[Black "Mutuge, Ian"]
[Result "1/2-1/2"]
[ECO "A07"]
[WhiteElo "2097"]
[BlackElo "1938"]
[Annotator "RC"]
[PlyCount "187"]
[EventDate "2024.09.05"]
[EventType "team-tourn"]
[EventCountry "HUN"]
[SourceTitle "playchess.com"]
[Source "ChessBase"]
[SourceQuality "1"]
[WhiteTeam "Luxembourg"]
[BlackTeam "Kenya"]
[WhiteTeamCountry "LUX"]
[BlackTeamCountry "KEN"]
[TimeControl "40/5400+30:1800+30"]

1. g3 d5 2. Bg2 c6 3. Nf3 Nf6 4. O-O g6 5. b3 Bg7 6. Bb2 O-O 7. d4 Bf5 8. Nh4 Be6 9. Nd2 Qd7 10. Re1 Bh3 11. Bh1 Re8 12. Ndf3 Qd8 13. Ng2 Nbd7 14. Nf4 Bg4 15. Ne5 Bf5 16. f3 Qb6 17. e3 h5 18. c4 Rad8 19. c5 Qc7 20. Ned3 Nf8 21. Ne2 N6d7 22. f4 Bxd3 23. Qxd3 e6 24. h3 Nxc5 25. Qc2 Na6 26. g4 hxg4 27. hxg4 Qe7 28. Bf3 c5 29. Ba3 Nb4 30. Bxb4 cxb4 31. Rac1 Qd7 32. Qd2 a5 33. Rc5 b6 34. Rc2 Rc8 35. Rec1 Rxc2 36. Qxc2 Rb8 37. Ng3 Qd6 38. g5 Nd7 39. Be2 b5 40. Qc7 Qxc7 41. Rxc7 Nb6 42. Bxb5 Na8 43. Ra7 Rxb5 44. Rxa8+ Bf8 45. Kf1 Kg7 46. Ke1 Bd6 47. Ra6 Bc7 48. Ne2 Kf8 49. Nc1 Ke7 50. Nd3 Bd6 51. Ra7+ Ke8 52. Kd2 Kf8 53. Nb2 Ke8 54. Na4 Kf8 55. Ra6 Ke7 56. Kd3 Kd7 57. Ra7+ Ke8 58. Nb2 Kf8 59. Nd1 Bb8 60. Ra6 Ke7 61. Rc6 Kd7 62. Rc2 Bd6 63. Nf2 Rb7 64. Ng4 Rc7 65. Nf6+ Ke7 66. Rh2 Rc3+ 67. Kd2 Rc8 68. Rh7 Ra8 69. Ng4 Rc8 70. Nh6 Rf8 71. Ke2 Bc7 72. Kf3 Bd6 73. e4 dxe4+ 74. Kxe4 Bb8 75. Rg7 Bc7 76. Ng8+ Kd8 77. Nf6 Ke7 78. d5 Rh8 79. dxe6 Kxe6 80. Rg8 Rxg8 81. Nxg8 Bd8 82. Nh6 Bc7 83. Ng4 Bd8 84. Ne5 Bc7 85. Nc4 Bd8 86. Nb2 Bb6 87. Nc4 Bc7 88. a3 bxa3 89. Nxa3 Bd8 90. Nb5 Bb6 91. Nc3 Bc7 92. Ne2 Bb6 93. Ng3 Bd8 94. Ne2 1/2-1/2

[Event "45th FIDE Olympiad 2024"]
[Site "Budapest"]
[Date "2024.09.13"]
[Round "3.253"]
[White "Bagheri, Amir"]
[Black "Thomas, Saah"]
[Result "1-0"]
[ECO "E18"]
[WhiteElo "2372"]
[BlackElo "1939"]
[Annotator "RC"]
[PlyCount "111"]
[EventDate "2024.09.05"]
[EventType "team-tourn"]
[EventCountry "HUN"]
[SourceTitle "playchess.com"]
[Source "ChessBase"]
[SourceQuality "1"]
[WhiteTeam "Monaco"]
[BlackTeam "Liberia"]
[WhiteTeamCountry "MNC"]
[BlackTeamCountry "LBR"]
[TimeControl "40/5400+30:1800+30"]

1. d4 Nf6 2. Nf3 d5 3. c4 e6 4. g3 b6 5. cxd5 exd5 6. Nc3 Be7 7. Bg2 O-O 8. O-O Bb7 9. Ne5 a6 10. Bf4 c5 11. dxc5 bxc5 12. Qb3 Ra7 13. Rfd1 c4 14. Nxc4 Ba8 15. Ne3 Rb7 16. Nexd5 Rxb3 17. Nxf6+ Bxf6 18. Rxd8 Rxd8 19. axb3 g5 20. Bxg5 Bxg5 21. Bxa8 Bf6 22. Bb7 Rd7 23. Bc8 Ra7 24. b4 Nc6 25. Rxa6 Rxa6 26. Bxa6 Nxb4 27. Bc4 Bd4 28. e3 Ba7 29. Ne4 Kg7 30. Nd6 f6 31. Kg2 Nc2 32. Ne8+ Kh8 33. Kf3 Bb8 34. Ke4 Be5 35. b3 Nb4 36. Kf5 Bc3 37. Nxf6 Be1 38. Ne4 Kg7 39. h4 h6 40. g4 Nc6 41. Ke6 Bb4 42. Ng3 Be1 43. Nf5+ Kg6 44. h5+ Kg5 45. f4+ Kxg4 46. Be2+ Kh3 47. Nxh6 Kg2 48. Nf5 Kf2 49. Bb5 Nb4 50. h6 Kf3 51. h7 Bc3 52. Nd4+ Kxe3 53. h8=Q Bxd4 54. Qh3+ Kxf4 55. Qh4+ Ke3 56. Qe1+ 1-0

[Event "45th FIDE Olympiad 2024"]
[Site "Budapest"]
[Date "2024.09.13"]
[Round "3.254"]
[White "Barcon, Harmon"]
[Black "Levacic, Damir"]
[Result "0-1"]
[ECO "B07"]
[WhiteElo "1968"]
[BlackElo "2097"]
[Annotator "NA RC"]
[PlyCount "92"]
[EventDate "2024.09.05"]
[EventType "team-tourn"]
[EventCountry "HUN"]
[SourceTitle "playchess.com"]
[Source "ChessBase"]
[SourceQuality "1"]
[WhiteTeam "Liberia"]
[BlackTeam "Monaco"]
[WhiteTeamCountry "LBR"]
[BlackTeamCountry "MNC"]
[TimeControl "40/5400+30:1800+30"]

1. e4 d6 2. d4 Nf6 3. Bd3 g6 4. Nf3 Bg7 5. O-O O-O 6. h3 Nc6 7. c3 e5 8. a3 h6 9. Nbd2 Nh5 10. Nb3 Qf6 11. Re1 Nf4 12. Bf1 g5 13. Bxf4 Qxf4 14. g3 Qf6 15. d5 Ne7 16. Nh2 Qg6 17. g4 Qf6 18. Qf3 Ng6 19. Qxf6 Bxf6 20. Nd2 Nf4 21. Nc4 h5 22. Ne3 Kg7 23. Nf5+ Kg6 24. gxh5+ Nxh5 25. Be2 Nf4 26. Bg4 Rh8 27. Re3 Nxd5 28. exd5 Bxf5 29. Bxf5+ Kxf5 30. Rf3+ Kg6 31. Ng4 Bg7 32. c4 e4 33. Rb3 b6 34. Kg2 f5 35. Ne3 Be5 36. Re1 Rh4 37. a4 Rah8 38. Nd1 a5 39. Rbe3 Bd4 40. Rb3 Bc5 41. Kh2 g4 42. Kg2 Rxh3 43. Rxh3 Rxh3 44. Nc3 Bb4 45. Re3 Bxc3 46. bxc3 Rf3 0-1

[Event "45th FIDE Olympiad 2024"]
[Site "Budapest"]
[Date "2024.09.13"]
[Round "3.255"]
[White "Meylan, Andre"]
[Black "David, Leroy Debblay"]
[Result "1-0"]
[ECO "C07"]
[WhiteElo "2165"]
[BlackElo "1904"]
[Annotator "RC"]
[PlyCount "75"]
[EventDate "2024.09.05"]
[EventType "team-tourn"]
[EventCountry "HUN"]
[SourceTitle "playchess.com"]
[Source "ChessBase"]
[SourceQuality "1"]
[WhiteTeam "Monaco"]
[BlackTeam "Liberia"]
[WhiteTeamCountry "MNC"]
[BlackTeamCountry "LBR"]
[TimeControl "40/5400+30:1800+30"]

1. e4 e6 2. d4 d5 3. Nd2 c5 4. exd5 Qxd5 5. Ngf3 Nf6 6. Bc4 Qd8 7. O-O cxd4 8. Nb3 Be7 9. Nbxd4 O-O 10. Qe2 a6 11. Bf4 Qb6 12. c3 Nc6 13. Nxc6 Qxc6 14. Rfe1 b5 15. Bb3 Bb7 16. Qf1 Rad8 17. Nd4 Qb6 18. Bg5 Bd5 19. Nf5 exf5 20. Rxe7 Bxb3 21. axb3 Nd5 22. Ree1 f6 23. Bd2 Rfe8 24. c4 Rxe1 25. Qxe1 Nc7 26. Ba5 Qc6 27. cxb5 Qd6 28. Bxc7 Qxc7 29. bxa6 Ra8 30. Qc3 Qd6 31. a7 h6 32. Qf3 Qd8 33. b4 g5 34. b5 g4 35. Qb3+ Kg7 36. b6 Qe7 37. Qd5 Qe8 38. g3 1-0